 Dungeon Crawl Stone Soup version 0.29-a0-994-gc5c9f59d18 (webtiles) character file.

Game seed: 16597502132992699037

14196 2tc the Cleaver (level 12, -7/159 HPs)
             Began as a Hill Orc Monk on Aug 3, 2022.
             Was a High Priest of Lugonu.
             Succumbed to a swamp dragon's poison gas
             ... on level 2 of the Lair of Beasts.
             The game lasted 00:45:53 (18405 turns).

2tc the Cleaver (Hill Orc Monk)                    Turns: 18405, Time: 00:45:54

Health: -7/159     AC: 11    Str: 17    XL:     12   Next: 14%
Magic:  19/19      EV: 14    Int: 10    God:    Lugonu [*****.]
Gold:   531        SH:  7    Dex: 15    Spells: 11/11 levels left

rFire   + . .      SeeInvis .   r - +2 hand axe (flame)
rCold   + + .      Faith    .   z - +0 buckler
rNeg    . . .      Spirit   .   t - +0 steam dragon scales
rPois   .          Reflect  .   C - +1 hat
rElec   .          Harm     .   (no cloak)
rCorr   +          Rampage  .   v - +0 pair of gloves
Will    .....                   y - +2 pair of boots "Edoapp" {Drain Int+4}
Stlth   ..........              (no amulet)
HPRegen 0.36/turn               i - ring of protection from fire
MPRegen 0.16/turn               e - ring of Yredelemnul's Fury {Fly rC++ rCorr Int-4}

@: berserking, lethally poisoned (-7 -> -105), flying, hasted, very quick
A: no striking features
a: Renounce Religion, Depart the Abyss, Bend Space, Banish, Corrupt, Enter the
Abyss


You were on level 2 of the Lair of Beasts.
You worshipped Lugonu.
Lugonu was extremely pleased with you.
You visited 3 branches of the dungeon, and saw 14 of its levels.

You collected 621 gold pieces.
You spent 90 gold pieces at shops.

Inventory:

Hand Weapons
 a - a +1 hand axe
 r - a +2 hand axe of flaming (weapon)
 B - a +0 war axe of electrocution
Missiles
 n - 21 poisoned darts (quivered)
 q - 3 throwing nets
Armour
 c - a +2 robe of cold resistance
 d - an orb of energy
 t - +0 steam dragon scales (worn)
 v - a +0 pair of gloves (worn)
 y - the +2 pair of boots "Edoapp" (worn) {Drain Int+4}
   (You found it on level 8 of the Dungeon)

   Int:       It affects your intelligence (+4).
   Drain:     It drains your maximum health when unequipped.
 z - a +0 buckler (worn)
 C - a +1 hat (worn)
Magical Staves
 f - a staff of conjuration
 m - a staff of death
Jewellery
 e - the ring of Yredelemnul's Fury (right hand) {Fly rC++ rCorr Int-4}
   (You found it on level 2 of the Dungeon)

   [ring of flight]

   Int:       It affects your intelligence (-4).
   rC:        It greatly protects you from cold.
   Fly:       It grants you flight.
   rCorr:     It protects you from acid and corrosion.
 i - a ring of protection from fire (left hand)
Wands
 o - a wand of flame (15)
 x - a wand of roots (11)
Scrolls
 b - 2 scrolls of blinking
 p - 6 scrolls of identify
 u - a scroll of fog
Potions
 g - 4 potions of flight
 h - 2 potions of attraction
 j - 2 potions of brilliance
 l - 2 potions of mutation
 w - a potion of cancellation
 A - a potion of resistance
 F - a potion of lignification


   Skills:
 - Level 10.0 Fighting
 - Level 14.0 Axes
 - Level 5.0 Armour
 - Level 5.0 Dodging
 - Level 1.5 Stealth
 - Level 11.0 Shields
 * Level 10.0 Invocations


You had 11 spell levels left.
You didn't know any spells.
Your spell library contained the following spells:

 Spells                   Type           Power      Damage    Failure   Level
 Beastly Appendage        Tmut           0%         N/A       41%         1
 Slow                     Hex            0%         N/A       41%         1
 Blink                    Tloc           0%         N/A       56%         2
 Wereblood                Tmut           0%         N/A       56%         2
 Call Canine Familiar     Summ           0%         N/A       80%         3
 Confusing Touch          Hex            0%         N/A       80%         3
 Gell's Gravitas          Tloc           0%         N/A       80%         3
 Lesser Beckoning         Tloc           0%         N/A       80%         3
 Portal Projectile        Hex/Tloc       0%         N/A       80%         3
 Spider Form              Tmut/Pois      0%         N/A       80%         3
 Teleport Other           Tloc           0%         N/A       80%         3
 Vampiric Draining        Necr           0%         2d6       80%         3
 Leda's Liquefaction      Hex/Erth       0%         N/A       99%         4
 Manifold Assault         Tloc           0%         N/A       100%        5


Dungeon Overview and Level Annotations

Branches:
Dungeon (11/15)            Temple (1/1) D:4            Lair (2/5) D:9
  Swamp (0/4) Lair:2        Snake (0/4) Lair:2          Orc (0/2) D:10

Altars:
Ashenzari
Cheibriados
Dithmenos
Elyvilon
Fedhas
Gozag
Hepliaklqana
Kikubaaqudgha
Makhleb
Nemelex Xobeh
Okawaru
Qazlal
Ru
Sif Muna
Trog
Uskayaw
Vehumet
Wu Jian
Xom
Yredelemnul
Zin
The Shining One
Lugonu

Shops:
D:4 (   D:7 !   D:9 ([

Annotations:
D:7 Joseph
D:11 Maurice


Message History

You are more poisoned.
You are engulfed in poison gas.
You are more poisoned.
You feel very sick.
You hit the swamp dragon but do no damage.
The swamp dragon is lightly wounded.
You are engulfed in poison gas.
You are lethally poisoned!
You feel very sick.
You completely miss the swamp dragon.
The swamp dragon is lightly wounded.
You are engulfed in poison gas.
You are more poisoned.
You feel very sick.
You barely miss the swamp dragon.
The swamp dragon is lightly wounded.
You are engulfed in poison gas.
You are more poisoned.
* * * LOW HITPOINT WARNING * * *
You feel extremely sick. The swamp dragon misses you.
You block the swamp dragon's attack. The swamp dragon barely misses you.
A red film seems to cover your vision as you go berserk!
You feel yourself moving faster!
You feel mighty!
You are engulfed in poison gas.
You are more poisoned.
* * * LOW HITPOINT WARNING * * *
x2 You feel extremely sick.
The swamp dragon bites you but does no damage.
The swamp dragon barely misses you. x2
You slash the swamp dragon! You burn the swamp dragon.
The swamp dragon is lightly wounded.
You are engulfed in poison gas.
You are more poisoned.
* * * LOW HITPOINT WARNING * * *
x2 You feel extremely sick.
You barely miss the swamp dragon.
The swamp dragon is lightly wounded.
You are engulfed in poison gas.
You are more poisoned.
* * * LOW HITPOINT WARNING * * *
You die...

..#<# #...........#.....
#...# #...........# #...
..).#######..#.....## .#
#.#.P#.# ####....## .
......# ##..###.# ......#
#...##### ......#
###+..#.### ......#
#......☼☼°# ...†..#
###.....@○○##
......###..<>...D°○☼#
.......##.#.......○..$#
......'.☼..........#.....
.......####........####..
......## #.....§§§§. .
......# ####.##§§.##
#.##.## ####§#.# ######
## ##


You could see a swamp dragon (catching breath).

Vanquished Creatures
  Sonja (D:10)
  Pikel (D:4)
  An elephant (D:9)
  4 cane toads
  2 rime drakes
  A komodo dragon (Lair:2)
  3 blink frogs (Lair:1)
  A shadow (D:9)
  2 wraiths (D:10)
  28 yaks
  A wyvern (Lair:2)
  Eustachio (D:6)
  A basilisk (D:9)
  4 vampire mosquitoes (D:10)
  A steam dragon (D:6)
  Menkaure (D:5)
  2 nagas (Lair:2)
  A warg (D:10)
  4 water moccasins
  4 orc warriors
  A sky beast (D:8)
  3 black bears
  2 ogres
  4 lemures (D:4)
  4 centaurs
  2 phantoms
  2 kobold brigands
  A necrophage (D:4)
  A gnoll sergeant (D:8)
  6 bullfrogs
  2 scorpions
  8 wights
  4 killer bees (D:9)
  5 howler monkeys (D:7)
  2 electric eels (Lair:1)
  5 jellies
  9 orc priests
  5 iguanas
  Jessica (D:3)
  6 orc wizards
  Robin (D:3)
  11 gnolls
  9 adders
  A shadow imp (D:6)
  2 white imps
  2 ufetubi
  4 worms (D:7)
  4 dart slugs
  31 orcs
  6 bats
  6 endoplasms
  3 giant cockroaches
  14 goblins
  11 hobgoblins
  3 jackals (D:3)
  12 kobolds
  2 quokkas
  5 ball pythons
  3 frilled lizards
  8 rats
275 creatures vanquished.

Vanquished Creatures (others)
  23 fungi
  33 plants
56 creatures vanquished.

Grand Total: 331 creatures vanquished

Notes
Turn   | Place    | Note
-------+----------+-------------------------------------------
     0 | D:1      | 2tc the Hill Orc Monk began the quest for the Orb.
     0 | D:1      | Reached XP level 1. HP: 19/19 MP: 1/1
   287 | D:1      | Reached XP level 2. HP: 23/26 MP: 2/2
   329 | D:1      | HP: 1/26 [quokka (3)]
   331 | D:1      | Reached skill level 5 in Axes
  1292 | D:1      | Reached XP level 3. HP: 31/31 MP: 3/3
  1337 | D:2      | Found a basalt altar of Yredelemnul.
  1652 | D:2      | Reached skill level 6 in Axes
  1812 | D:2      | Identified the ring of Yredelemnul's Fury {Fly rC++ rCorr
                  | Int-4}
  1950 | D:2      | Reached XP level 4. HP: 39/39 MP: 4/4
  2211 | D:2      | Identified the +2 dagger "Leowasec" {spect, rF- rN+ Int+2}
  2339 | D:3      | Found a faded altar of an unknown god.
  2352 | D:3      | Prayed at the altar of an unknown god.
  2352 | D:3      | Became a worshipper of Lugonu the Unformed
  2352 | D:3      | Reached * piety under Lugonu
  2352 | D:3      | Reached ** piety under Lugonu
  2352 | D:3      | Reached *** piety under Lugonu
  2359 | D:3      | You are sucked into a shaft and drop 2 floors!
  2359 | D:5      | Entered Level 5 of the Dungeon
  2474 | D:5      | Reached skill level 7 in Axes
  2687 | D:5      | Noticed a gnoll sergeant
  2727 | D:5      | Noticed a black bear
  2816 | D:4      | Noticed a phantom
  2841 | D:4      | Killed a phantom
  2842 | D:4      | Reached skill level 8 in Axes
  2842 | D:4      | Reached XP level 5. HP: 34/45 MP: 5/5
  3008 | D:4      | Found a staircase to the Ecumenical Temple.
  3012 | Temple   | Entered the Ecumenical Temple
  3354 | D:3      | Noticed Jessica
  3365 | D:3      | Killed Jessica
  3366 | D:3      | Reached XP level 6. HP: 36/51 MP: 6/6
  3548 | D:3      | Noticed Robin
  3557 | D:3      | Reached **** piety under Lugonu
  3562 | D:3      | Killed Robin
  3690 | D:3      | Reached skill level 9 in Axes
  4348 | D:4      | Identified the +1 ring mail of Defence {Drain rElec rPois
                  | SInv}
  4558 | D:4      | Found Zuaneomi's Firing Range.
  5095 | D:4      | Found a shadowy altar of Dithmenos.
  5360 | D:4      | Noticed Pikel
  5374 | D:4      | Reached skill level 10 in Axes
  5374 | D:4      | Reached XP level 7. HP: 35/57 MP: 7/7
  5392 | D:4      | Killed Pikel
  5393 | D:4      | Reached skill level 12 in Axes
  5393 | D:4      | Reached XP level 8. HP: 25/64 MP: 8/8
  6346 | D:5      | Reached skill level 13 in Axes
  6871 | D:5      | Noticed Menkaure
  6885 | D:5      | Killed Menkaure
  6886 | D:5      | Reached skill level 14 in Axes
  7347 | D:6      | Found a basalt altar of Yredelemnul.
  7365 | D:6      | Noticed Eustachio
  7370 | D:6      | Reached XP level 9. HP: 67/70 MP: 10/12
  7383 | D:6      | Killed Eustachio
  7559 | D:6      | Found Zin's Purification Station.
  7570 | D:6      | Found a glowing silver altar of Zin.
  7573 | D:6      | Bought a potion of curing for 90 gold pieces
  8226 | D:6      | Identified the +1 ring mail of the Armoured One {rElec}
  8660 | D:7      | Noticed Joseph
  8953 | D:7      | Noticed a moth of wrath
  8956 | D:7      | Found a bloodstained altar of Trog.
  9396 | D:7      | Found Qisockia's Distillery.
  9705 | D:8      | Reached skill level 5 in Dodging
  9716 | D:8      | Reached skill level 5 in Fighting
  9776 | D:8      | Identified the +2 pair of boots "Edoapp" {Drain Int+4}
 10196 | D:8      | Found a sparkling altar of Nemelex Xobeh.
 10225 | D:8      | Reached XP level 10. HP: 83/83 MP: 16/16
 10282 | D:8      | Reached ***** piety under Lugonu
 10641 | D:9      | Found a staircase to the Lair.
 10661 | D:9      | Noticed an elephant
 10712 | D:9      | Killed an elephant
 11212 | D:9      | Found Etwecke's Antique Armour Emporium.
 11541 | D:9      | Reached skill level 10 in Fighting
 11917 | D:9      | Reached skill level 10 in Invocations
 12236 | D:9      | Found Dipt's Antique Weapon Shoppe.
 12329 | D:9      | Reached skill level 1 in Armour
 12347 | D:9      | Reached XP level 11. HP: 53/99 MP: 18/18
 13088 | D:10     | Entered Level 10 of the Dungeon
 13088 | D:10     | Noticed Sonja
 13184 | D:10     | Reached skill level 5 in Armour
 13184 | D:10     | Reached skill level 1 in Shields
 13665 | D:10     | Killed Sonja
 13978 | D:10     | Reached skill level 5 in Shields
 14734 | D:10     | Found a staircase to the Orcish Mines.
 15398 | D:11     | Noticed Maurice
 15464 | Lair:1   | Entered Level 1 of the Lair of Beasts
 17337 | Lair:2   | Found a staircase to the Snake Pit.
 17417 | Lair:2   | Reached skill level 10 in Shields
 17421 | Lair:2   | Reached XP level 12. HP: 54/106 MP: 19/19
 17778 | Lair:2   | Noticed a death yak
 17778 | Lair:2   | Noticed a death yak
 17779 | Lair:2   | Noticed a death yak
 18386 | Lair:2   | Found a staircase to the Swamp.
 18405 | Lair:2   | HP: 4/159 [swamp dragon] (5)]
 18405 | Lair:2   | Succumbed to a swamp dragon's poison gas

Illustrated notes

Levels and vault maps discovered:
D:1:      dpeg_arrival_pits, layout_basic
D:2:      layout_loops_ring, basic_altar
D:3:      layout_loops_ring, ebering_ecumenical_altar_sacrificial, uniq_jessica,
          uniq_robin
D:4:      layout_loops_cross, lemuel_crystal_altar, minmay_temple_entry_grid,
          nicolae_shop_firing_range, uniq_pikel
D:5:      layout_loops_ring, lightli_ossuary_entry_decrepit_ruins,
          amcnicky_mini_pool_small, uniq_menkaure
D:6:      layout_cave_pools, kennysheep_mini_moat, zin_purify, uniq_eustachio
D:7:      layout_gridville, tgw_trog, serial_shops, shop, uniq_joseph
D:8:      layout_basic, nemelex_xobeh_ov_fountains_minmay
D:9:      layout_gridville, david_lair_generic, serial_shops,
          nicolae_diamond_shop, nicolae_shop_window_shopping,
          kennysheep_nondescript
D:10:     layout_basic, david_orc_3, minmay_variable_closet,
          chequers_serial_rivers_small_3, uniq_sonja
D:11:     dreamdust_dug_too_deep, layout_grid_maze, uniq_maurice
Temple:   nicolae_temple_bog_church
Lair:1:   layout_gridlike, serial_bayou_lagoon_b, infiniplex_staircase_pool,
          grunt_megastairs_3
Lair:2:   layout_roguey, minmay_swamp_entry_reptiles,
          guppyfry_snake_entry_island, nicolae_volcano_entry_s_turn,
          st_stairs_6, serial_bayou_shore_a

Skill      XL: |  1  2  3  4  5  6  7  8  9 10 11 12 |
---------------+-------------------------------------+-----
Axes           | 5 6 8 10 12 14 | 14.0
Invocations    | 4 8 10 | 10.0
Dodging        | 5 |  5.0
Fighting       | 5 10 | 10.0
Armour         | 3 5 |  5.0
Shields        | 10 11 | 11.0
Stealth        | |  1.5

Action                   |  1- 3 |  4- 6 |  7- 9 | 10-12 || total
-------------------------+-------+-------+-------+-------++-------
Melee: Hand axe          |   126 |   265 |   314 |   693 ||  1398
       Punch             |     1 |     6 |     7 |     3 ||    17
Throw: Dart              |       |     2 |       |     6 ||     8
Invok: Bend Space        |       |       |     1 |     3 ||     4
       Banish            |       |       |       |     1 ||     1
Evoke: Wand              |       |       |     4 |    32 ||    36
  Use: Scroll            |     7 |     4 |     6 |    10 ||    27
       Potion            |       |     2 |     3 |    12 ||    17
 Stab: Sleeping          |     2 |     7 |     6 |     2 ||    17
       Distracted        |       |       |     1 |       ||     1
Armor: Robe              |    20 |    26 |    22 |       ||    68
       Skin              |       |    11 |    10 |       ||    21
       Steam dragon scal |       |       |    20 |   134 ||   154
Dodge: Dodged            |    65 |   104 |   129 |   254 ||   552
Block: Buckler           |       |       |       |    75 ||    75

Table legend: (Time is in decaauts)
 A = Elapsed time spent in this place.
 B = Non-inter-level travel time spent in this place.
 C = Inter-level travel time spent in this place.
 D = Time resting spent in this place.
 E = Time spent auto-exploring this place.
 F = Levels seen in this place.
 G = Mean time per level.
                   A        B        C        D        E       F      G
               +--------+--------+--------+--------+--------+-----+--------+
         Total |  18025 |  17436 |    589 |   4361 |  10410 |  14 | 1287.5 |
       Dungeon |  15021 |  14507 |    514 |   3420 |   8888 |  11 | 1365.5 |
        Temple |    146 |    124 |     22 |      0 |    112 |   1 |  146.0 |
          Lair |   2857 |   2804 |     53 |    941 |   1410 |   2 | 1428.5 |
               +--------+--------+--------+--------+--------+-----+--------+

Top non-repeatable levels by time:
     D:9: 2949 daAuts
  Lair:1: 2042 daAuts
     D:4: 1929 daAuts
    D:10: 1762 daAuts
     D:5: 1674 daAuts
     D:1: 1318 daAuts
     D:7: 1248 daAuts
     D:3: 1126 daAuts
     D:6: 1049 daAuts
     D:2: 1024 daAuts
     D:8: 908 daAuts
  Lair:2: 814 daAuts
  Temple: 146 daAuts
    D:11: 27 daAuts
